cohdb
Replays
Latest Replays
All Replays
Popular Replays
Top Player Replays
Match Explorer
How It Works
Community
CoH3 Stats
Reddit
Sign in to upload your games and track your stats! →
Sign in with Steam
Match 40710163
Unlisted
Match 40710163
Overview
Messages
Build Orders
End
Panzergrenadier Squad
Selects Battlefield Espionage Battlegroup
250 Light Carrier
Panzergrenadier Squad
Construct Light Support Kompanie
Selects Intel Disruption Beacon
Combat Half-tracks
Fire Support Elements
Panzergrenadier Squad
Pak 38 Mechanized Group
Flakvierling Half-track
Selects Transfer Depots
Panzerpioneer Squad
Selects 250/3 Funkpanzerwagen
Construct Panzerarmee Kommand
MZMZ
FloppyBob
jerjawe
Definitely a Wizard
Definitely not a Pineapple
Green Foxtail
0
0
Comments
sign in to comment!
No comments posted yet!